Map: Ruins of Endion

Players

turbonic

  • Race: Protoss Protoss
  • League: Platinum

jinglinjoe - Winner!

  • Race: Zerg Zerg
  • League: Platinum

VOD

Have the link to the VOD?

Description

Time

  • Played on: April 26, 2016, 8:09 p.m.
  • Length: 22:42
Show
View Real Time Build Order
Export as new Build Order

turbonic Protoss 

Build Orders: Cannon Rush 

Get SALT Encoding   

  12  0:11  Pylon  
  12  0:15  Probe (Chrono Boost)  
  13  0:25  Probe (Chrono Boost)  
  14  0:34  Forge  
  14  0:37  Probe (Chrono Boost)  
  15  0:49  Pylon  
  15  0:54  Probe (Chrono Boost)  
  16  1:07  Photon Cannon  
  16  1:11  Probe (Chrono Boost)  
  17  1:17  Pylon  
  17  1:27  Photon Cannon  
  17  1:38  Photon Cannon  
  17  1:44  Photon Cannon  
  17  1:49  Photon Cannon  
  17  1:59  Photon Cannon  
  16  2:04  Photon Cannon  
  16  2:21  Photon Cannon  
  16  2:33  Pylon  
  16  2:40  Probe (Chrono Boost)  
  17  2:46  Photon Cannon  
  18  2:51  Probe (Chrono Boost)  
  18  3:02  Probe (Chrono Boost)  
  19  3:05  Pylon  
  19  3:12  Probe (Chrono Boost)  
  20  3:24  Probe (Chrono Boost)  
  21  3:29  Gateway  
  21  3:30  Pylon  
  21  3:37  Photon Cannon  
  21  3:48  Photon Cannon  
  21  3:53  Probe (Chrono Boost)  
  22  3:59  Assimilator  
  22  4:01  Photon Cannon  
  22  4:10  Photon Cannon  
  22  4:22  Probe (Chrono Boost)  
  23  4:28  Nexus  
  23  4:33  Pylon  
  23  4:48  Cybernetics Core  
  23  4:53  Assimilator  
  23  4:58  Pylon  
  23  5:02  Gateway  
  23  5:03  Probe (Chrono Boost)  
  24  5:12  Pylon  
  24  5:27  Photon Cannon  
  24  5:29  Mothership Core (Chrono Boost)  
  24  5:31  Warp Gate (Chrono Boost)  
  25  5:58  Probe  
  25  6:01  Stargate  
  26  6:05  Probe  
  26  6:08  Probe  
  28  6:13  Assimilator  
  28  6:18  Probe, Stalker x2  
  29  6:19  Probe  
  34  6:27  Pylon  
  34  6:31  Probe  
  35  6:42  Probe, Assimilator  
  36  6:50  Void Ray (Chrono Boost)  
  40  6:55  Stalker  
  40  6:58  Probe  
  43  7:10  Probe  
  44  7:29  Stalker  
  50  7:30  Void Ray (Chrono Boost)  
  50  7:40  Stalker  
  52  7:45  Probe  
  53  7:55  Stalker  
  53  7:57  Probe  
  54  8:01  Stalker  
  56  8:09  Probe  
  57  8:15  Void Ray (Chrono Boost)  
  61  8:20  Stalker  
  63  8:32  Stalker  
  55  8:47  Stalker  
  43  8:54  Void Ray (Chrono Boost)  
  47  8:56  Probe  
  41  9:28  Stalker x2  
  37  9:41  Probe  
  38  9:54  Pylon  
  37  10:01  Void Ray (Chrono Boost)  
  37  10:06  Robotics Facility  
  35  10:09  Gateway  
  35  10:34  Probe  
  30  11:03  Photon Cannon  
  34  11:05  Pylon  
  32  11:20  Pylon  
  31  11:25  Immortal (Chrono Boost)  
  30  11:36  Pylon  
  23  11:46  Zealot  
  20  12:03  Immortal (Chrono Boost)  
  24  12:12  Zealot  
  24  12:13  Probe  
  27  12:24  Probe  
  27  12:25  Probe  
  29  12:30  Photon Cannon  
  29  12:35  Zealot  
  31  12:37  Probe  
  32  12:56  Zealot  
  32  12:57  Probe, Immortal (Chrono Boost)  
  39  13:03  Probe  
  40  13:07  Probe  
  41  13:17  Zealot  
  41  13:18  Probe  
  44  13:30  Probe  
  44  13:31  Immortal (Chrono Boost)  
  49  13:39  Gateway  
  49  13:41  Zealot  
  49  13:42  Probe  
  49  13:43  Probe  
  53  13:54  Probe  
  54  14:02  Zealot  
  60  14:10  Immortal (Chrono Boost)  
  60  14:22  Zealot  
  62  14:34  Zealot  
  61  15:04  Zealot x2  
  61  15:05  Immortal (Chrono Boost)  
  60  15:25  Zealot x2  
  59  15:29  Probe  
  59  15:34  Pylon  
  60  15:36  Pylon  
  60  15:42  Pylon  
  60  15:48  Pylon  
  60  15:54  Pylon  
  60  15:56  Probe  
  61  16:01  Immortal (Chrono Boost)  
  65  16:06  Cybernetics Core  
  65  16:08  Probe  
  66  16:20  Probe  
  67  16:32  Probe, Pylon  
  68  16:36  Nexus  
  68  16:44  Probe  
  69  16:56  Probe  
  70  17:08  Forge, Probe  
  71  17:21  Probe  
  72  17:24  Immortal (Chrono Boost)  
  76  17:33  Probe  
  77  17:39  Twilight Council  
  77  17:47  Photon Cannon  
  77  17:48  Probe  
  78  18:00  Probe  
  79  18:11  Pylon  
  79  18:15  Probe  
  79  18:18  Zealot  
  82  18:20  Charge (Chrono Boost)  
  82  18:21  Probe  
  81  18:30  Zealot  
  73  18:41  Zealot  
  69  18:55  Photon Cannon  
  69  18:57  Photon Cannon  
  69  18:58  Pylon  
  69  19:01  Zealot  
  71  19:08  Probe, Immortal (Chrono Boost)  
  76  19:10  Probe  
  77  19:20  Probe  
  78  19:25  Zealot  
  78  19:27  Probe  
  81  19:33  Probe, Assimilator  
  82  19:40  Probe, Zealot  
  82  19:44  Observer (Chrono Boost)  
  82  19:45  Probe  
  87  19:51  Probe  
  87  19:52  Assimilator  
  88  19:54  Zealot  
  88  19:56  Protoss Ground Weapons Level 1 (Chrono Boost)  
  90  20:03  Probe  
  90  20:05  Immortal  
  91  20:11  Pylon x2  
  95  20:18  Zealot  
  95  20:19  Zealot  
  99  20:25  Gateway  
  99  20:30  Pylon  
  99  20:39  Immortal, Pylon  
  99  20:42  Probe  
  102  21:14  Immortal  
  102  21:19  Zealot x2  
  110  21:30  Gateway  
  110  21:37  Templar Archives  
  110  21:40  Stalker x3  
  116  21:49  Immortal  
  89  22:03  Stalker x2  
  89  22:04  Stalker  
Show
View Real Time Build Order
Export as new Build Order

jinglinjoe Zerg - Winner!

Build Orders: Hatch First 

Get SALT Encoding   

  13  0:07  Drone  
  13  0:17  Overlord  
  13  0:22  Drone  
  14  0:35  Drone  
  14  0:36  Drone  
  14  0:40  Drone  
  17  0:51  Drone  
  18  1:15  Spawning Pool, Hatchery  
  16  1:29  Drone x3  
  19  1:48  Drone  
  20  2:11  Zergling x4  
  22  2:23  Overlord  
  22  2:35  Zergling x2  
  22  2:36  Zergling x4  
  23  2:39  Zergling x2  
  23  2:43  Spine Crawler  
  20  2:50  Zergling x4  
  19  3:04  Zergling x4  
  21  3:12  Drone x2  
  18  3:36  Zergling x2  
  18  3:37  Zergling x6  
  18  4:03  Drone  
  18  4:04  Drone x5  
  18  4:06  Queen  
  18  4:07  Extractor  
  18  4:08  Roach Warren  
  20  4:31  Hatchery  
  20  4:36  Drone x3  
  22  4:41  Extractor  
  21  4:48  Drone  
  22  5:09  Roach  
  22  5:10  Roach  
  26  5:20  Lair  
  26  5:24  Drone x2  
  26  5:27  Roach  
  30  5:38  Overlord  
  30  5:48  Drone x2  
  32  5:54  Roach x2  
  36  6:10  Spore Crawler  
  35  6:12  Queen  
  37  6:18  Nydus Network  
  37  6:20  Drone  
  37  6:22  Roach x2  
  41  6:27  Queen  
  43  7:00  Overlord  
  43  7:07  Nydus Canal  
  43  7:12  Zergling x2  
  44  7:15  Overlord  
  44  7:16  Overlord  
  44  7:18  Queen x2  
  48  7:36  Roach x5  
  58  7:42  Overseer  
  49  8:06  Ravager x3  
  49  8:08  Roach x2  
  49  8:11  Drone x3  
  49  8:12  Drone  
  50  8:47  Ravager x3  
  53  8:50  Zergling x10  
  53  8:51  Zergling x4  
  53  8:52  Overlord  
  53  8:54  Overlord  
  55  9:59  Roach x6  
  67  10:02  Queen x2  
  66  10:23  Ravager  
  55  11:16  Roach x6  
  60  11:46  Roach  
  60  11:47  Roach  
  58  12:01  Ravager  
  58  12:02  Ravager x2  
  58  12:03  Zergling x12  
  62  12:18  Hydralisk Den  
  62  12:22  Metabolic Boost  
  61  12:23  Zergling x2  
  61  12:24  Zergling x2  
  63  12:32  Drone  
  63  12:33  Overlord  
  63  12:36  Overseer  
  64  12:42  Drone  
  65  13:17  Hatchery  
  64  13:21  Hydralisk x4  
  64  13:22  Hydralisk x5  
  64  13:24  Zergling x2  
  64  13:26  Overlord x4  
  83  13:38  Glial Reconstitution  
  83  13:41  Muscular Augments  
  84  14:10  Zergling x16  
  84  14:11  Zergling x2  
  90  14:41  Zergling x2  
  90  14:42  Zergling x20  
  99  15:05  Hydralisk  
  99  15:06  Hydralisk x3  
  101  15:28  Extractor x2  
  100  15:29  Queen  
  100  15:30  Drone x5  
  106  15:51  Lurker Den  
  106  16:03  Spore Crawler  
  105  16:08  Spine Crawler  
  105  16:10  Spine Crawler  
  98  16:40  Drone  
  98  16:41  Baneling Nest  
  98  16:42  Drone x3  
  98  16:43  Drone x5  
  98  16:44  Drone x5  
  98  16:45  Drone x2  
  98  16:47  Drone  
  114  16:52  Extractor  
  114  16:53  Extractor  
  112  17:15  Drone x3  
  115  17:16  Drone x3  
  115  17:18  Drone x3  
  115  17:22  Overlord x2  
  121  17:42  Lurker x2  
  121  17:43  Lurker  
  124  17:51  Extractor  
  124  17:52  Extractor  
  124  17:54  Hatchery  
  124  17:56  Hatchery, Extractor  
  119  18:01  Extractor  
  118  18:07  Pneumatized Carapace  
  94  18:49  Hydralisk  
  94  18:50  Hydralisk x16  
  128  19:03  Drone x3  
  128  19:04  Drone  
  128  19:05  Drone x2  
  134  19:14  Queen  
  138  19:24  Lurker x5  
  138  19:30  Queen  
  143  19:34  Drone  
  143  19:35  Drone x3  
  143  19:36  Drone  
  148  19:38  Drone  
  148  19:42  Overlord  
  148  19:44  Overlord  
  149  20:20  Ravager x3  
  149  20:21  Ravager x2  
  154  20:22  Overlord x4  
  154  20:35  Spire  
  150  21:01  Zergling x26  
  150  21:02  Zergling x42  
  150  21:03  Zergling x16  
  192  21:06  Drone x2  
  192  21:07  Drone  
  192  21:08  Drone x2  
  197  21:15  Overlord  
  197  21:27  Evolution Chamber  
  197  21:29  Evolution Chamber  
  195  21:35  Drone x3  
  195  21:36  Drone  
  195  21:37  Evolution Chamber  
Tags
 
Add a new tag
Caveats
  • Supply blocks, unpowered buildings, or Contaminate may cause inaccurate times.
  • Supply counts are checked every 10 seconds.